 Dungeon Crawl Stone Soup version 0.20-a0-622-g01f5896 (webtiles) character file.

15862 Ijustatesigmund the Slicer (level 12, -13/79 HPs)
             Began as a Kobold Wizard on Feb 8, 2017.
             Was an Elder of Vehumet.
             Mangled by a two-headed ogre
             ... wielding a +0 giant club
              (26 damage)
             ... on level 11 of the Dungeon on Feb 9, 2017.
             The game lasted 01:12:44 (17528 turns).

Ijustatesigmund the Slicer (Kobold Wizard)         Turns: 17528, Time: 01:12:44

Health: -13/79     AC: 14    Str:  5    XL:     12   Next: 63%
Magic:  20/24      EV: 19    Int: 22    God:    Vehumet [****..]
Gold:   434        SH:  6    Dex: 15    Spells: 6/27 levels left

rFire    + . .     SeeInvis .   n - +4 dagger (protect)
rCold    + . .     Gourm    .   p - +2 robe {rC+ rF+}
rNeg     . . .     Faith    .   (shield restricted)
rPois    .         Spirit   .   b - +2 hat
rElec    .         Reflect  +   (no cloak)
rCorr    .         Harm     .   E - +0 pair of gloves
MR       .....                  (no boots)
Stlth    ++++......             x - +6 amulet of reflection
Regen    0.3/turn               l - ring of wizardry
                                J - +3 ring of slaying

@: protection aura
A: carnivore 3
a: Renounce Religion


You were on level 11 of the Dungeon.
You worshipped Vehumet.
Vehumet was greatly pleased with you.
You were very full.

You visited 2 branches of the dungeon, and saw 13 of its levels.
You also visited: Ossuary.

You collected 630 gold pieces.
You spent 196 gold pieces at shops.

Inventory:

Hand Weapons
 n - a +4 dagger of protection (weapon)
 H - a +4 dagger of chaos
Armour
 b - a +2 hat (worn)
 p - a +2 robe of resistance (worn)
 u - the +6 chain mail of Imof {rPois}
   (You found it on level 6 of the Dungeon)

   It protects you from poison.
 v - +0 steam dragon scales
 E - a +0 pair of gloves (worn)
Jewellery
 g - an uncursed amulet of magic regeneration
 l - a ring of wizardry (right hand)
 x - a +6 amulet of reflection (around neck)
 J - a +3 ring of slaying (left hand)
Wands
 s - a wand of confusion (30/48)
 F - a wand of paralysis (4/24)
 I - a wand of lightning (3/15)
Scrolls
 a - 4 scrolls of amnesia
 f - 10 scrolls of remove curse
 q - 3 scrolls of enchant armour
 w - 2 scrolls of recharging
 y - 2 scrolls of magic mapping
 z - a scroll of teleportation
 A - 2 scrolls of blinking
 B - a scroll of immolation
 C - 3 scrolls of identify
Potions
 e - 2 potions of cancellation
 h - 4 potions of brilliance
 i - a potion of magic
 j - 2 potions of flight
 k - 3 potions of heal wounds
 m - 3 potions of lignification
 o - 2 potions of agility
 r - 3 potions of curing
 K - a potion of mutation
Books
 c - a book of Minor Magic

   Spells                             Type                      Level
   a - Magic Dart                     Conjuration                  1
   b - Blink                          Translocation                2
   c - Call Imp                       Summoning                    2
   d - Slow                           Hexes                        2
   e - Conjure Flame                  Conjuration/Fire             3
   f - Mephitic Cloud                 Conjuration/Poison/Air       3
 D - a book of Changes

   Spells                             Type                      Level
   a - Beastly Appendage              Transmutation                1
   b - Sticks to Snakes               Transmutation                2
   c - Spider Form                    Transmutation/Poison         3
   d - Ice Form                       Ice/Transmutation            4
   e - Blade Hands                    Transmutation                5
 G - a book of Cantrips

   Spells                             Type                      Level
   a - Confusing Touch                Hexes                        1
   b - Animate Skeleton               Necromancy                   1
   c - Summon Small Mammal            Summoning                    1
   d - Apportation                    Translocation                1
Comestibles
 d - 10 meat rations
 t - 4 royal jellies


   Skills:
 + Level 10.8 Fighting
 - Level 11.2 Short Blades
 - Level 7.1 Dodging
 - Level 8.4 Stealth
 - Level 8.4 Spellcasting
 - Level 5.1 Conjurations
   Level 1.0 Summonings
 - Level 3.5 Translocations
 - Level 5.1 Transmutations
 - Level 2.8 Fire Magic
 - Level 2.9 Air Magic
 - Level 2.6 Poison Magic


You had 6 spell levels left.
You knew the following spells:

 Your Spells              Type           Power        Failure   Level  Hunger
a - Magic Dart            Conj           ####         1%          1    None
b - Blink                 Tloc           N/A          1%          2    None
c - Mephitic Cloud        Conj/Pois/Air  ####....     1%          3    None
d - Conjure Flame         Conj/Fire      ####....     1%          3    None
e - Spider Form           Tmut/Pois      ####......   1%          3    None
f - Sting                 Conj/Pois      ####         1%          1    None
g - Apportation           Tloc           ###...       1%          1    None
h - Ignite Poison         Fire/Tmut/Pois ###.....     1%          3    None
i - Fulminant Prism       Conj/Hex       ###.......   3%          4    ###....


Dungeon Overview and Level Annotations

Branches:
Dungeon (12/15)            Temple (1/1) D:7            Lair (0/6) D:8
    Orc: D:9-12

Altars:
Ashenzari
Cheibriados
Dithmenos
Elyvilon
Fedhas
Gozag
Hepliaklqana
Kikubaaqudgha
Makhleb
Nemelex Xobeh
Okawaru
Qazlal
Ru
Sif Muna
Trog
Uskayaw
Vehumet
Xom
Yredelemnul
Zin
The Shining One

Shops:
D:8 }:*


Innate Abilities, Weirdness & Mutations

You are small and have problems with some larger weapons.
You are carnivorous and can eat meat at any time.


Message History

The two-headed ogre hits you with a giant spiked club.
You puncture the two-headed ogre!
Your weapon exudes an aura of protection.
The two-headed ogre is moderately wounded.
You hit the two-headed ogre.
The two-headed ogre is heavily wounded.
You hit the two-headed ogre.
The two-headed ogre is heavily wounded.
The two-headed ogre hits you with a giant club!
The two-headed ogre misses you.
You closely miss the two-headed ogre.
The two-headed ogre is heavily wounded.
You hit the two-headed ogre.
The two-headed ogre is severely wounded.
You puncture the two-headed ogre!
The two-headed ogre is severely wounded.
The two-headed ogre hits you with a giant club!!
* * * LOW HITPOINT WARNING * * *
The two-headed ogre hits you with a giant spiked club!!
You die...

..#+#######.###### #
##.%......##.#....# #
#........#.......# #
#(......#.......# #
#.c.....#......## #
#.......##'####### #
#.####....(..##.#.....# #
#......>#######.#.....#######
#......c§.§O@...#.....'......
#.###############.....##.....
. #.....##..... #.....##.....
#.....##..... ##.....##.....
#..........÷.. #.............
#.............


You could see a two-headed ogre and a centaur.

Vanquished Creatures
  Josephine (D:10)
  3 two-headed ogres
  Urug (D:10)
  A manticore (D:11)
  Psyche (D:8)
  2 polar bears (D:8)
  2 hippogriffs
  Sigmund (D:3)
  5 wraiths (D:10)
  3 wyverns
  22 yaks
  A steam dragon (D:11)
  2 wargs (D:8)
  2 water moccasins (D:8)
  3 ice beasts
  7 orc warriors
  3 phantoms
  2 sky beasts
  A necrophage (D:10)
  A hornet zombie (D:8)
  A wolf (D:8)
  7 ogres
  6 centaurs
  5 big kobolds
  3 bullfrogs
  9 scorpions
  2 wights (D:10)
  2 electric eels (D:8)
  9 crimson imps
  2 howler monkeys (D:7)
  A centaur zombie (D:8)
  2 human zombies (Ossuary)
  11 hounds
  8 orc priests
  A gnoll shaman (D:7)
  3 jellies
  2 centaur skeletons
  15 orc wizards
  Jessica (D:3)
  Ijyb (D:3)
  6 iguanas
  7 worker ants
  7 big kobold zombies (Ossuary)
  A bullfrog simulacrum (D:8)
  A hound zombie (D:8)
  2 mummies (Ossuary)
  A hound skeleton (D:4)
  A howler monkey zombie (D:7)
  13 adders
  3 gnolls (D:7)
  5 scorpion zombies (Ossuary)
  6 shadow imps
  An ooze (D:4)
  3 adder skeletons
  2 worms
  5 dart slugs
  4 leopard geckos
  31 orcs
  3 ball pythons
  2 bat zombies (D:7)
  4 giant cockroaches
  2 gnoll zombies (Ossuary)
  4 goblins
  8 hobgoblins
  6 jackals
  30 kobolds
  8 quokkas
  6 bats
  4 frilled lizards
  2 hobgoblin zombies (Ossuary)
  2 kobold zombies (Ossuary)
  2 orc zombies (Ossuary)
  A quokka skeleton (D:5)
  6 rats
  2 plants (D:7)
346 creatures vanquished.

Vanquished Creatures (others)
  A wizard (D:3)
  A centaur zombie (Ossuary)
  A mummy (Ossuary)
  An ufetubus (D:8)
  3 plants (D:7)
7 creatures vanquished.

Grand Total: 353 creatures vanquished

Notes
Turn   | Place    | Note
-------+----------+-------------------------------------------
     0 | D:1      | Ijustatesigmund the Kobold Wizard began the quest for the Orb.
     0 | D:1      | Reached XP level 1. HP: 10/10 MP: 4/4
   162 | D:1      | Reached XP level 2. HP: 13/15 MP: 0/6
   216 | D:1      | Learned a level 2 spell: Blink
   507 | D:1      | Reached skill level 1 in Short Blades
   689 | D:1      | Reached XP level 3. HP: 19/19 MP: 0/7
  1417 | D:2      | Reached XP level 4. HP: 24/24 MP: 3/8
  1426 | D:2      | Learned a level 3 spell: Mephitic Cloud
  1502 | D:2      | Reached skill level 2 in Short Blades
  2004 | D:3      | Noticed Ijyb
  2031 | D:3      | Killed Ijyb
  2031 | D:3      | Reached skill level 1 in Fighting
  2087 | D:3      | Noticed Jessica
  2113 | D:3      | Killed Jessica
  2113 | D:3      | Reached skill level 3 in Short Blades
  2113 | D:3      | Reached XP level 5. HP: 21/30 MP: 2/9
  2159 | D:3      | Noticed Sigmund
  2274 | D:3      | Found a bloodstained altar of Trog.
  2277 | D:3      | Noticed a wizard
  2282 | D:3      | Killed a wizard
  2444 | D:4      | Noticed an ogre
  2545 | D:4      | Noticed a phantom
  2570 | D:4      | Killed a phantom
  2570 | D:4      | Reached skill level 4 in Short Blades
  2570 | D:4      | Reached XP level 6. HP: 19/37 MP: 5/10
  3035 | D:4      | Found a glowing golden altar of the Shining One.
  3179 | D:4      | Killed an ogre
  3329 | D:4      | Noticed a phantom
  3365 | D:4      | Killed a phantom
  3365 | D:4      | Reached XP level 7. HP: 41/41 MP: 4/11
  3450 | D:4      | Found a shimmering altar of Xom.
  3941 | D:4      | Found a deep blue altar of Sif Muna.
  4010 | D:5      | Entered Level 5 of the Dungeon
  4072 | D:5      | Reached skill level 5 in Conjurations
  4310 | D:5      | Reached XP level 8. HP: 46/46 MP: 5/12
  4336 | D:5      | Learned a level 3 spell: Conjure Flame
  5087 | D:6      | Reached skill level 5 in Stealth
  5213 | D:6      | Got an encrusted chain mail
  5293 | D:6      | Found a sand-covered staircase.
  5300 | Ossuary  | Entered an ossuary
  5342 | Ossuary  | Reached skill level 5 in Dodging
  5737 | Ossuary  | Reached skill level 1 in Fire Magic
  5758 | Ossuary  | Reached skill level 5 in Short Blades
  5882 | Ossuary  | Reached XP level 9. HP: 40/52 MP: 4/13
  7192 | D:3      | Reached skill level 5 in Fighting
  7192 | D:3      | Reached skill level 6 in Short Blades
  7285 | D:3      | Found an opulent altar of Gozag.
  7661 | D:3      | Killed Sigmund
  7661 | D:3      | Reached skill level 1 in Air Magic
  7661 | D:3      | Reached skill level 1 in Poison Magic
  7703 | D:3      | Identified the +6 chain mail of Imof {rPois} (You found it on level 6 of the Dungeon)
  8341 | D:6      | Upgraded the game from 0.20-a0-613-g92415a4 to 0.20-a0-622-g01f5896
  8398 | D:7      | Reached skill level 7 in Short Blades
  8638 | D:7      | Found a shimmering altar of Xom.
  8741 | D:7      | Found a staircase to the Ecumenical Temple.
  8758 | Temple   | Entered the Ecumenical Temple
  8976 | Temple   | Became a worshipper of Vehumet
  9235 | D:8      | Found Apnull's Assorted Antiques.
  9241 | D:8      | Bought an iron wand for 112 gold pieces
  9241 | D:8      | Bought a scroll labeled XEHOMUATOPN for 28 gold pieces
  9241 | D:8      | Bought a scroll of identify for 56 gold pieces
  9385 | D:8      | Noticed a polar bear
  9386 | D:8      | Noticed a polar bear
  9402 | D:8      | Killed a polar bear
  9402 | D:8      | Reached XP level 10. HP: 27/60 MP: 9/16
  9412 | D:8      | Reached skill level 5 in Spellcasting
 10424 | D:8      | Noticed a two-headed ogre
 10470 | D:8      | Killed a two-headed ogre
 10676 | D:7      | Reached * piety under Vehumet
 10676 | D:7      | Offered knowledge of Sting by Vehumet.
 10977 | D:7      | Learned a level 3 spell: Spider Form
 11815 | D:7      | Found an ancient bone altar of Kikubaaqudgha.
 12072 | D:7      | Learned a level 1 spell: Sting
 12074 | D:7      | Learned a level 1 spell: Apportation
 12099 | D:7      | Found a snail-covered altar of Cheibriados.
 12133 | D:7      | Reached ** piety under Vehumet
 12272 | D:8      | Offered knowledge of Freeze by Vehumet.
 12272 | D:8      | Reached skill level 8 in Short Blades
 12355 | D:8      | Reached XP level 11. HP: 66/66 MP: 12/23
 12453 | D:8      | Found a basalt altar of Yredelemnul.
 12514 | D:8      | Noticed Psyche
 12693 | D:8      | Killed Psyche
 13052 | D:8      | Noticed a two-headed ogre
 13056 | D:8      | Killed a two-headed ogre
 13086 | D:8      | Found Ipoi's Gadget Emporium.
 13140 | D:8      | Found Pocupp's Book Emporium.
 13561 | D:8      | Found a staircase to the Lair.
 13584 | D:8      | Reached skill level 9 in Short Blades
 13707 | D:8      | Offered knowledge of Ignite Poison by Vehumet.
 13961 | D:8      | Learned a level 3 spell: Ignite Poison
 14369 | D:9      | Reached skill level 1 in Transmutations
 14522 | D:9      | Reached *** piety under Vehumet
 14850 | D:9      | Found a sacrificial altar of Ru.
 14877 | D:10     | Entered Level 10 of the Dungeon
 15186 | D:10     | Noticed Josephine
 15198 | D:10     | Killed Josephine
 15198 | D:10     | Reached skill level 10 in Short Blades
 15226 | D:10     | Offered knowledge of Stone Arrow by Vehumet.
 15694 | D:10     | Reached XP level 12. HP: 72/72 MP: 18/24
 15731 | D:10     | Noticed Urug
 15755 | D:10     | Killed Urug
 15755 | D:10     | Reached skill level 11 in Short Blades
 15755 | D:10     | Reached skill level 5 in Transmutations
 16331 | D:10     | Noticed a two-headed ogre
 16353 | D:10     | Killed a two-headed ogre
 16874 | D:11     | Reached **** piety under Vehumet
 16877 | D:11     | Offered knowledge of Fulminant Prism by Vehumet.
 16880 | D:11     | Reached skill level 10 in Fighting
 16923 | D:11     | Learned a level 4 spell: Fulminant Prism
 17396 | D:11     | Noticed a two-headed ogre
 17528 | D:11     | Mangled by a two-headed ogre

Vault maps used:
D:1:      minmay_arrival_four_houses
D:2:      first_bread, serial_forest, infiniplex_forest_lined_3,
          infiniplex_forest_straight_4, infiniplex_forest_corner_2,
          infiniplex_forest_clump_small, infiniplex_forest_lined_1
D:3:      overflow_temple_1_default, trog_wizard, uniq_iyjb, uniq_jessica,
          uniq_sigmund
D:4:      kennysheep_mini_moat, overflow_temple_1_default, led_xom_imps
D:6:      chequers_ossuary_entry_cave
D:7:      kennysheep_housing_project, slow_altar_2,
          lemuel_zombie_altar_kikubaaqudgha, marbit_many_paths, temple_pool_b
D:8:      nicolae_overflow_hidden_temple, erik_lair_orcish_takeover,
          serial_shops, nicolae_shop_trees, shop, nicolae_shop_crystal,
          serial_ice, serial_ice_m, serial_ice_b, serial_ice_j, serial_ice_d,
          uniq_psyche
D:9:      nicolae_ru_path_of_blood
D:10:     grunt_ogre_cave, uniq_josephine, uniq_urug
D:11:     uniq_erolcha
D:12:     minmay_orc_entry_temple_small, uniq_azrael
Temple:   nicolae_temple_figure_eight
Ossuary:  ossuary_minmay_scorpions

Skill      XL: |  1  2  3  4  5  6  7  8  9 10 11 12 |
---------------+-------------------------------------+-----
Stealth        | 3 4 6 8 |  8.4
Dodging        | 3 5 7 |  7.1
Short Blades   | 1 3 4 5 7 8 10 11 | 11.2
Fighting       | 1 3 4 5 6 7 10 | 10.8
Conjurations   | 3 5 |  5.1
Translocations | 2 3 |  3.5
Fire Magic     | 1 2 |  2.8
Air Magic      | 2 |  2.9
Poison Magic   | 2 |  2.6
Spellcasting   | 4 8 |  8.4
Transmutations | 4 5 |  5.1
Summonings     | |  1.0

Action                   |  1- 3 |  4- 6 |  7- 9 | 10-12 || total
-------------------------+-------+-------+-------+-------++-------
Melee: Hand axe          |     9 |       |       |       ||     9
       Dagger            |    38 |   177 |   619 |  1051 ||  1885
 Cast: Magic Dart        |    68 |   114 |   381 |   436 ||   999
       Mephitic Cloud    |       |       |     9 |    37 ||    46
       Blink             |       |       |     7 |    15 ||    22
       Conjure Flame     |       |       |     2 |     8 ||    10
       Ignite Poison     |       |       |       |    18 ||    18
Evoke: Wand              |       |       |       |     5 ||     5
  Use: Scroll            |     4 |     4 |    20 |    10 ||    38
       Potion            |       |     2 |     6 |     2 ||    10
 Stab: Sleeping          |       |     2 |     7 |     6 ||    15
       Confused          |       |       |     5 |    10 ||    15
       Distracted        |       |       |       |     3 ||     3
       Paralysed         |       |       |       |     1 ||     1
  Eat: Chunk             |    10 |     6 |    19 |    27 ||    62
Armor: Robe              |    19 |    24 |   191 |   150 ||   384
Dodge: Dodged            |    73 |   155 |   550 |   498 ||  1276
Block: Other             |       |       |    35 |   170 ||   205
       Reflection        |       |       |     4 |    11 ||    15
